Map: Acropolis LE

Players

LiquidMaNa (MaNa) - Winner!

  • Race: Protoss Protoss
  • League: Grandmaster
  • Spawn Location: 11:00

Harstem

  • Race: Protoss Protoss
  • League: Grandmaster
  • Spawn Location: 5:00

Event: HomeStory Cup XX

VOD

Have the link to the VOD?

Description

Time

  • Played on: Nov. 21, 2019, 10:33 a.m.
  • Length: 15:01

All games in this series

Show
View Real Time Build Order
Export as new Build Order

LiquidMaNa Protoss - Winner!

Build Orders: Oracle Opening, Zealot Archon 

Get SALT Encoding   

  12  0:00  Probe  
  13  0:12  Probe  
  14  0:19  Pylon  
  14  0:24  Probe  
  15  0:33  Probe  
  15  0:37  Gateway  
  15  0:41  Probe  
  16  0:47  Assimilator  
  17  0:52  Probe  
  17  0:55  Assimilator  
  18  1:00  Probe  
  18  1:07  Gateway  
  18  1:08  Probe  
  20  1:19  Probe  
  20  1:24  Cybernetics Core  
  21  1:31  Probe  
  22  1:38  Pylon  
  22  1:45  Probe  
  23  2:00  Adept  
  23  2:01  Adept  
  27  2:02  Stargate  
  27  2:09  Warp Gate  
  27  2:13  Pylon  
  27  2:14  Probe  
  28  2:27  Probe  
  29  2:37  Oracle, Adept  
  29  2:38  Adept  
  35  3:04  Oracle  
  35  3:10  Nexus  
  33  3:17  Probe  
  37  3:28  Pylon  
  37  3:33  Probe  
  38  3:42  Robotics Facility  
  38  3:45  Probe  
  39  3:57  Probe  
  40  4:04  Forge  
  40  4:06  Phoenix  
  40  4:09  Probe  
  43  4:21  Immortal  
  43  4:22  Probe  
  44  4:26  Probe  
  45  4:37  Protoss Ground Weapons Level 1  
  43  4:39  Probe  
  43  4:40  Sentry  
  43  4:41  Probe  
  47  4:51  Probe  
  48  4:53  Immortal  
  48  4:54  Probe  
  49  5:03  Probe  
  49  5:06  Probe  
  52  5:15  Probe  
  52  5:16  Assimilator  
  52  5:18  Assimilator, Probe  
  54  5:24  Warp Prism  
  54  5:27  Probe  
  55  5:30  Probe  
  55  5:32  Pylon  
  58  5:39  Probe  
  58  5:42  Pylon, Probe  
  60  5:51  Probe  
  60  5:53  Adept x2  
  60  5:54  Probe  
  66  5:58  Pylon  
  66  6:02  Observer  
  66  6:03  Probe  
  68  6:06  Probe  
  68  6:10  Twilight Council  
  69  6:15  Probe  
  69  6:18  Protoss Ground Weapons Level 2, Probe  
  70  6:21  Gateway  
  70  6:22  Gateway  
  71  6:27  Probe  
  71  6:30  Gateway  
  72  6:33  Gateway  
  72  6:44  Gateway  
  72  6:47  Gateway  
  72  6:49  Templar Archives  
  68  7:09  Zealot x2  
  72  7:17  Pylon, Zealot x2  
  76  7:29  High Templar x2  
  80  7:30  High Templar x2  
  80  7:31  Pylon  
  80  7:33  Archon  
  80  7:34  Pylon, Archon  
  80  7:35  Pylon  
  84  7:37  Pylon  
  84  7:40  High Templar x2, Zealot  
  84  7:42  Zealot  
  92  7:47  Archon  
  92  8:00  Charge  
  92  8:02  Zealot x4  
  100  8:06  Nexus  
  100  8:07  High Templar  
  100  8:08  High Templar  
  100  8:12  Archon, Zealot x2  
  108  8:41  Zealot x7  
  120  8:50  Warp Prism  
  120  8:53  Protoss Ground Weapons Level 3  
  122  9:02  Pylon  
  122  9:05  Pylon  
  122  9:08  Probe x2  
  122  9:09  Pylon  
  124  9:23  Probe  
  124  9:24  Zealot x2  
  128  9:33  Robotics Bay  
  128  9:36  Probe x2, Robotics Facility  
  130  9:42  Assimilator  
  130  9:43  Assimilator  
  130  9:50  Zealot x2  
  130  9:51  Probe  
  130  9:52  Zealot  
  136  9:53  Probe  
  136  9:54  Probe  
  138  10:03  Probe  
  138  10:05  Probe  
  138  10:12  High Templar x5, Colossus  
  148  10:17  Archon x2  
  151  10:26  Probe x2  
  156  10:31  High Templar  
  156  10:34  Colossus  
  158  10:35  Shield Battery  
  158  10:37  Shield Battery  
  158  10:38  Archon  
  158  10:47  Pylon  
  158  10:48  Pylon  
  158  10:49  Pylon  
  164  10:56  Colossus  
  168  11:13  Phoenix  
  168  11:14  Photon Cannon x2  
  168  11:15  Photon Cannon  
  170  11:27  Stargate  
  170  11:28  Colossus  
  170  11:30  Phoenix  
  178  11:46  Pylon  
  178  11:49  Observer  
  178  11:50  Phoenix  
  177  11:54  Pylon  
  177  11:55  Pylon, Extended Thermal Lance  
  177  12:01  Nexus  
  177  12:11  Phoenix  
  177  12:13  Phoenix  
  181  12:17  Shield Battery  
  181  12:19  Shield Battery  
  176  12:34  Zealot  
  176  12:35  Zealot x6  
  176  12:36  Phoenix  
  188  12:37  Phoenix  
  188  12:41  Observer x2  
  176  12:58  Nexus  
  172  13:01  Phoenix  
  168  13:11  Phoenix  
  150  13:17  Pylon  
  150  13:26  Phoenix  
  152  13:30  Zealot x6  
  158  13:38  Phoenix  
  154  13:52  Zealot x4  
  152  14:04  High Templar  
  152  14:05  High Templar x3  
  152  14:08  Archon  
  152  14:09  Archon  
  156  14:19  Zealot  
  156  14:20  Zealot x3  
  115  14:41  Zealot x6  
  117  14:49  Zealot  
Show
View Real Time Build Order
Export as new Build Order

Harstem Protoss 

Build Orders: Zealot Archon 

Get SALT Encoding   

  12  0:00  Probe  
  13  0:12  Probe  
  14  0:18  Pylon  
  14  0:24  Probe  
  15  0:32  Probe  
  15  0:37  Gateway  
  15  0:40  Probe  
  16  0:46  Assimilator  
  17  0:51  Probe  
  17  0:55  Assimilator  
  18  1:00  Probe  
  19  1:08  Probe  
  19  1:10  Gateway  
  19  1:17  Probe  
  20  1:24  Cybernetics Core  
  21  1:29  Probe  
  22  1:39  Pylon  
  22  1:42  Probe  
  23  1:55  Warp Gate  
  23  1:57  Probe  
  24  2:01  Stalker  
  24  2:02  Sentry  
  24  2:08  Pylon  
  28  2:09  Probe  
  29  2:28  Stalker  
  31  2:31  Stalker  
  33  2:48  Nexus  
  33  2:55  Pylon  
  33  3:00  Sentry  
  33  3:04  Shield Battery  
  34  3:06  Probe  
  35  3:15  Sentry  
  35  3:18  Probe  
  38  3:29  Probe  
  38  3:33  Robotics Facility  
  39  3:37  Probe  
  39  3:42  Forge  
  39  3:45  Probe  
  39  3:47  Stalker  
  42  3:51  Stalker  
  45  3:57  Pylon, Probe  
  46  4:09  Probe  
  47  4:16  Shield Battery  
  47  4:19  Probe, Protoss Ground Weapons Level 1  
  47  4:21  Stalker, Probe  
  47  4:31  Probe x2  
  46  4:39  Probe  
  46  4:43  Probe  
  48  4:51  Probe x2  
  49  4:53  Stalker  
  49  4:59  Probe  
  52  5:03  Probe  
  52  5:05  Assimilator, Stalker  
  56  5:08  Observer, Probe  
  56  5:15  Probe  
  56  5:16  Assimilator, Probe  
  58  5:23  Twilight Council  
  58  5:24  Probe x2  
  58  5:32  Probe  
  59  5:36  Probe  
  59  5:39  Gateway  
  59  5:40  Gateway  
  59  5:42  Probe  
  61  5:48  Probe  
  63  5:54  Pylon, Charge, Probe  
  64  6:00  Probe  
  65  6:06  Warp Prism  
  65  6:07  Templar Archives  
  67  6:17  Probe  
  68  6:27  Zealot x2  
  68  6:30  Pylon  
  68  6:32  Gateway  
  72  6:41  Protoss Ground Weapons Level 2  
  72  6:45  Gateway  
  72  6:49  Probe  
  72  6:50  Pylon  
  72  6:52  Gateway  
  73  6:55  Gateway  
  73  7:06  Probe  
  66  7:10  Zealot x2  
  66  7:11  Probe  
  71  7:18  Probe  
  72  7:24  Probe  
  72  7:27  High Templar x2  
  77  7:32  Archon  
  77  7:33  High Templar x2  
  81  7:37  Pylon, Archon  
  81  7:38  Nexus  
  81  7:40  Pylon x2, Probe  
  83  7:44  Observer  
  83  7:46  High Templar  
  83  7:49  Pylon  
  85  7:55  Pylon  
  85  7:57  High Templar  
  87  7:59  Probe  
  87  8:00  Probe  
  87  8:02  Archon  
  89  8:07  High Templar, Zealot x2  
  89  8:08  High Templar  
  89  8:09  Shield Battery, Zealot x2  
  101  8:12  Archon  
  101  8:14  Shield Battery, Probe  
  102  8:23  Probe  
  103  8:30  Shield Battery  
  103  8:32  Shield Battery  
  103  8:33  Shield Battery  
  102  8:36  Zealot x3  
  102  8:46  High Templar x2, Probe  
  102  8:47  Probe  
  108  8:49  Probe  
  108  8:52  Archon  
  108  8:54  Probe  
  109  8:57  Probe  
  109  8:59  Probe  
  109  9:02  Probe  
  112  9:05  Assimilator  
  112  9:07  Assimilator  
  112  9:09  High Templar x2  
  117  9:11  Probe  
  117  9:13  Pylon, Shield Battery, Archon  
  118  9:20  Robotics Bay, Photon Cannon  
  118  9:27  Shield Battery, Stalker  
  120  9:32  Probe  
  120  9:33  Photon Cannon  
  120  9:35  Probe  
  122  9:39  Probe  
  122  9:42  Pylon  
  122  9:44  Probe  
  124  9:45  High Templar  
  124  9:46  High Templar, Zealot x3  
  124  9:47  Probe  
  124  9:48  Protoss Ground Weapons Level 3  
  124  9:50  Archon  
  124  9:51  Probe  
  136  9:56  Pylon, Probe  
  135  10:05  Photon Cannon  
  135  10:10  Disruptor  
  135  10:12  Probe  
  136  10:17  Blink  
  137  10:24  Probe  
  137  10:28  Robotics Facility  
  140  10:36  Pylon  
  140  10:41  Disruptor  
  140  10:43  Dark Shrine  
  140  10:44  Nexus  
  140  10:47  Photon Cannon  
  143  10:53  Pylon  
  143  11:05  Probe  
  143  11:07  Disruptor  
  143  11:10  Gravitic Drive  
  142  11:18  Disruptor  
  142  11:21  Stalker x5  
  156  11:26  Pylon  
  156  11:28  Assimilator  
  156  11:31  Disruptor  
  156  11:43  Assimilator  
  156  11:44  Probe  
  160  11:47  Pylon, Photon Cannon  
  160  11:48  Pylon  
  160  11:49  Photon Cannon  
  160  11:53  Pylon  
  158  11:54  High Templar x2  
  158  11:55  Zealot x3  
  158  11:59  Archon  
  158  12:01  Disruptor  
  168  12:05  Shield Battery  
  169  12:10  Photon Cannon  
  169  12:13  Disruptor  
  170  12:35  Dark Templar x3, Zealot x2  
  170  12:36  Zealot x3  
  174  12:47  Disruptor  
  161  13:02  Disruptor  
  154  13:12  Stalker x8  
  152  13:27  Stargate  
  152  13:29  Probe  
  153  13:34  Gateway  
  153  13:36  Dark Templar x2  
  153  13:37  Zealot x4  
  153  13:41  Gateway  
  157  13:49  Nexus  
  157  13:53  Disruptor  
  157  13:54  Disruptor  
  134  14:00  Pylon  
  134  14:01  Zealot x6  
  138  14:20  Disruptor  
  134  14:25  Dark Templar x4  
  134  14:26  Zealot x4  
  134  14:30  Archon x2  
  147  14:37  Zealot x2  
  105  14:46  Zealot  
  105  14:47  Zealot x2  
  95  14:56  Dark Templar  
Tags
 
Add a new tag
Caveats
  • Supply blocks, unpowered buildings, or Contaminate may cause inaccurate times.
  • Supply counts are checked every 10 seconds.